 Dungeon Crawl Stone Soup version 0.25-a0-63-gbefff83b7c (webtiles) character file.

Game seed: 3916029828516750627, levelgen mode: deterministic

17533 Gargoyl the Cleaver (level 12, -3/103 HPs)
             Began as a Pale Draconian Abyssal Knight on Oct 31, 2019.
             Was a High Priest of Lugonu.
             Slain by a basilisk (12 damage)
             ... on level 1 of the Lair of Beasts on Nov 1, 2019.
             The game lasted 00:22:47 (13029 turns).

Gargoyl the Cleaver (DrAK)                         Turns: 13029, Time: 00:22:48

Health: -3/103     AC: 15    Str: 19    XL:     12   Next: 19%
Magic:  6/19       EV: 18    Int: 12    God:    Lugonu [*****.]
Gold:   674        SH: 15    Dex: 18    Spells: 14/15 levels left

rFire    . . .     SeeInvis .   x - +4 hand axe (vamp)
rCold    . . .     Gourm    .   L - +0 shield
rNeg     . . .     Faith    .   (armour unavailable)
rPois    .         Spirit   .   (helmet restricted)
rElec    .         Reflect  +   I - scarf {repulsion}
rCorr    .         Harm     .   l - +0 pair of gloves
MR       .....                  u - +0 pair of boots
Stlth    +++.......             t - +6 amulet of reflection
HPRegen  0.27/turn              i - +5 ring of protection
MPRegen  0.16/turn              j - +6 ring of dexterity

@: repel missiles
A: breathe steam, unfitting armour, cold-blooded, AC +8
a: Breathe Steam, Depart the Abyss, Bend Space, Banish, Corrupt, Enter the
Abyss, Renounce Religion


You were on level 1 of the Lair of Beasts.
You worshipped Lugonu.
Lugonu was extremely pleased with you.
You were very hungry.

You visited 2 branches of the dungeon, and saw 13 of its levels.
You visited the Abyss 1 time.

You collected 764 gold pieces.
You spent 90 gold pieces at shops.

Inventory:

Hand Weapons
 a - a +2 hand axe
 x - a +4 vampiric hand axe (weapon)
Missiles
 z - 20 boomerangs (quivered)
Armour
 l - a +0 pair of gloves (worn)
 u - a +0 pair of boots (worn)
 I - a scarf of repulsion (worn)
 L - a +0 shield (worn)
Jewellery
 g - an uncursed ring of flight
 h - an uncursed ring of protection from fire
 i - a +5 ring of protection (left hand)
 j - a +6 ring of dexterity (right hand)
 t - a +6 amulet of reflection (around neck)
Wands
 d - a wand of iceblast (1)
 e - a wand of enslavement (11)
 q - a wand of polymorph (9)
 C - a wand of flame (45)
Scrolls
 p - a scroll of identify
 r - 9 scrolls of magic mapping
 y - 5 scrolls of teleportation
 B - 3 scrolls of remove curse
 F - a scroll of fear
 G - 3 scrolls of fog
Potions
 c - 2 potions of cancellation {unknown}
 f - 4 potions of might {unknown}
 k - 7 potions of curing
 m - 3 potions of berserk rage {unknown}
 n - a potion of heal wounds
 o - 5 potions of mutation {unknown}
 s - 3 potions of haste {unknown}
 v - 2 potions of invisibility
 A - a potion of agility {unknown}
 D - 2 potions of brilliance {unknown}
 E - a potion of degeneration {unknown}
 H - a potion of ambrosia {unknown}
 J - a potion of flight
Comestibles
 b - 32 rations


   Skills:
 + Level 8.7 Fighting
 + Level 11.1 Axes
 * Level 10.5 Dodging
 + Level 3.5 Stealth
 + Level 2.1 Shields
 + Level 2.0 Spellcasting
 + Level 2.3 Necromancy
 * Level 9.6 Invocations
 + Level 0.1 Evocations


You had 14 spell levels left.
You knew the following spells:

 Your Spells              Type           Power        Failure   Level  Hunger
a - Animate Skeleton      Necr           N/A          47%         1    ##.....

Your spell library contained the following spells:

 Spells                   Type           Power        Failure   Level  Hunger
 Apportation              Tloc           #.....       80%         1    ##.....
 Confusing Touch          Hex            #.....       80%         1    ##.....
 Corona                   Hex            #......      80%         1    ##.....
 Summon Butterflies       Summ           #.......     80%         1    ##.....
 Summon Small Mammal      Summ           #...         80%         1    ##.....
 Slow                     Hex            #.......     91%         2    ###....
 Inner Flame              Hex/Fire       #.......     99%         3    ####...
 Lesser Beckoning         Tloc           #.........   99%         3    ####...
 Portal Projectile        Hex/Tloc       #.....       99%         3    ####...
 Tukima's Dance           Hex            #.......     99%         3    ####...
 Cause Fear               Hex            #.........   100%        4    #####..
 Leda's Liquefaction      Hex/Erth       #.........   100%        4    #####..
 Alistair's Intoxication  Tmut/Pois      #.......     100%        5    ######.
 Invisibility             Hex            #.......     100%        6    #######


Dungeon Overview and Level Annotations

Branches:
Dungeon (11/15)            Temple (0/1) D:7            Lair (2/6) D:11
    Orc (0/2) D:11
  Swamp: Lair:2-4    Shoals: Lair:2-4     Snake: Lair:2-4    Spider: Lair:2-4

Altars:
Ashenzari
Dithmenos
Elyvilon
Fedhas
Kikubaaqudgha
Makhleb
Okawaru
Qazlal
Ru
Sif Muna
Wu Jian
Xom
The Shining One

Shops:
D:6 }   D:7 }   D:10 !

Annotations:
D:3 3 runed translucent doors, JackS81's ghost, amateur FoMo; Ryzelo's ghost, weakling DEWz


Innate Abilities, Weirdness & Mutations

You can breathe blasts of scalding, opaque steam.
Your pale cyan-grey scales are hard. (AC +8)
You cannot fit into any form of body armour.
You are cold-blooded and may be slowed by cold attacks.


Message History

The catoblepas completely misses you.
The basilisk bites you but does no damage.
You turn to flesh and can move again.
There is a stone staircase leading down, spattered with blood here.
You feel much better.
You are feeling hungry.
You block the catoblepas's attack. The basilisk misses you.
Press: ? - help, Shift-Dir - straight line, f - catoblepas
Aim: a catoblepas (chance to defeat MR: 23%)
The catoblepas resists with almost no effort.
You feel somewhat more hungry. You block the catoblepas's attack.
You block the basilisk's attack.
Press: ? - help, Shift-Dir - straight line, f/p - catoblepas
Aim: a catoblepas (chance to defeat MR: 23%)
The catoblepas resists with almost no effort.
You are feeling very hungry.
The catoblepas gores you!
* * * LOW HITPOINT WARNING * * *
The basilisk bites you!
You die...

### ### ###
#####################.####.###.##
...............l................#
...............Y@............Z..#
.#.###..###.#.##...PP#P.#.#.P##.#
................................#
####.####.###.####.###.P###.###.#
.................................
.#...###..#.#...#.###..#P.#####.#
................................#
##.#.######..........####P#.###.#
##.########..........#######.P..#


You could see a catoblepas and a basilisk.

Vanquished Creatures
  2 two-headed ogres
  An unseen horror (D:11)
  A cyclops (D:10)
  3 ugly things
  A rime drake (Lair:1)
  A komodo dragon (Lair:1)
  A kobold demonologist (D:11)
  A troll (D:10)
  7 blink frogs (Lair:1)
  A wyvern (D:10)
  4 hogs (D:7)
  6 yaks
  A human (D:7)
  2 hungry ghosts
  A steam dragon (D:8)
  Menkaure (D:4)
  An acid dragon (D:11)
  3 water moccasins (Lair:1)
  4 porcupines
  6 black bears
  7 orc warriors
  6 sky beasts
  4 ice beasts
  A small abomination (Abyss:3)
  An eye of draining (D:11)
  2 necrophages
  2 phantoms (D:11)
  3 ogres
  2 wolves (D:11)
  4 centaurs
  4 crocodiles
  A big kobold (D:11)
  8 bullfrogs
  A wyvern zombie (D:10)
  A gnoll sergeant (D:7)
  A wyvern skeleton (D:9)
  4 scorpions
  4 killer bees (D:9)
  7 wights
  3 howler monkeys
  2 bullfrog zombies
  4 crimson imps
  5 hounds
  3 jellies
  3 bullfrog skeletons
  4 orc priests
  A gnoll shaman (D:10)
  13 orc wizards
  A centaur skeleton (D:6)
  3 iguanas
  9 worker ants
  A killer bee zombie (D:6)
  A hound zombie (D:5)
  A hound skeleton (D:4)
  11 adders
  11 gnolls
  5 shadow imps
  An adder zombie (D:9)
  5 adder skeletons
  A worm (D:2)
  A dart slug (D:3)
  A leopard gecko (D:1)
  36 orcs
  4 giant cockroaches
  4 goblins
  9 hobgoblins
  25 jackals
  15 kobolds
  2 quokkas
  2 ball pythons (D:5)
  9 bats
  7 frilled lizards
  A giant cockroach zombie (D:5)
  A jackal zombie (D:8)
  A quokka zombie (D:5)
  6 rats
  A fungus (Lair:1)
  A lurking horror (Abyss:3)
325 creatures vanquished.

Vanquished Creatures (collateral kills)
  A komodo dragon (Lair:1)
  A hippogriff (Lair:1)
  2 yaks (Lair:1)
  A wyvern (Lair:1)
  A porcupine (Lair:1)
  2 crocodiles (Lair:1)
  A bullfrog (D:11)
  A centaur zombie (D:11)
  3 orcs (D:11)
  A jackal (D:11)
  A plant (D:11)
15 creatures vanquished.

Vanquished Creatures (others)
  A hydra (D:10)
  3 unseen horrors (D:11)
  A vampire (D:11)
  2 plants (D:11)
  2 starspawn tentacles (Abyss:3)
9 creatures vanquished.

Grand Total: 349 creatures vanquished

Notes
Turn   | Place    | Note
-------+----------+-------------------------------------------
     0 | Abyss:1  | Gargoyl the Draconian Abyssal Knight began the quest for
                  | the Orb.
     0 | Abyss:1  | Reached XP level 1. HP: 19/19 MP: 2/2
    94 | Abyss:1  | Noticed a small abomination
    99 | Abyss:1  | Found a corrupted altar of Lugonu.
   230 | Abyss:3  | Noticed a small abomination
   235 | Abyss:3  | Killed a small abomination
   235 | Abyss:3  | Reached XP level 2. HP: 28/28 MP: 3/3
   235 | Abyss:3  | Reached XP level 3. HP: 34/34 MP: 4/4
   235 | Abyss:3  | Reached XP level 4. HP: 41/41 MP: 5/5
   274 | Abyss:3  | Noticed a tentacled starspawn
   276 | Abyss:3  | Noticed a small abomination
   278 | D:1      | Escaped the Abyss
   666 | D:1      | Reached * piety under Lugonu
  1277 | D:2      | Found a burning altar of Makhleb.
  1277 | D:2      | Found a shimmering altar of Xom.
  1341 | D:2      | Found a sacrificial altar of Ru.
  2036 | D:2      | Reached XP level 5. HP: 47/47 MP: 6/6
  2401 | D:3      | Found a glowing golden altar of the Shining One.
  2465 | D:3      | Reached ** piety under Lugonu
  2465 | D:3      | Reached skill level 5 in Fighting
  2465 | D:3      | Reached skill level 3 in Axes
  2620 | D:3      | Found a stormy altar of Qazlal.
  2624 | D:3      | Found an ornate altar of the Wu Jian Council.
  3250 | D:3      | Found a runed translucent gate.
  3250 | D:3      | Found a runed translucent gate.
  3250 | D:3      | Found a runed translucent gate.
  3254 | D:3      | Noticed Ryzelo's ghost (weakling DEWz)
  3254 | D:3      | Noticed JackS81's ghost (amateur FoMo)
  3343 | D:4      | Noticed an ogre
  3345 | D:4      | Reached XP level 6. HP: 51/56 MP: 8/8
  3371 | D:4      | Reached skill level 4 in Axes
  3760 | D:3      | Reached skill level 1 in Stealth
  3760 | D:3      | Your scales start taking on a pale cyan-grey colour.
  3760 | D:3      | Reached XP level 7. HP: 58/61 MP: 9/9
  3838 | D:4      | Noticed Menkaure
  3844 | D:4      | Killed Menkaure
  4133 | D:5      | Entered Level 5 of the Dungeon
  4157 | D:5      | Found a shattered altar of Ashenzari.
  4164 | D:5      | Reached skill level 5 in Axes
  4278 | D:5      | Reached *** piety under Lugonu
  4666 | D:5      | Reached skill level 5 in Dodging
  4666 | D:5      | Reached XP level 8. HP: 65/70 MP: 11/11
  4743 | D:5      | Found a shadowy altar of Dithmenos.
  4944 | D:6      | Found a white marble altar of Elyvilon.
  4981 | D:6      | Found Uzipn's Gadget Shoppe.
  5280 | D:6      | Reached skill level 5 in Invocations
  5303 | D:6      | Reached skill level 6 in Axes
  5361 | D:6      | Found an ancient bone altar of Kikubaaqudgha.
  5934 | D:7      | Found a staircase to the Ecumenical Temple.
  6115 | D:7      | Reached XP level 9. HP: 73/75 MP: 13/13
  6140 | D:7      | Reached **** piety under Lugonu
  6207 | D:7      | Reached skill level 7 in Axes
  6934 | D:7      | Found Peranni's Gadget Shoppe.
  7067 | D:8      | Reached skill level 8 in Axes
  7202 | D:8      | Found a blossoming altar of Fedhas.
  7447 | D:8      | Found an iron altar of Okawaru.
  7602 | D:8      | Reached XP level 10. HP: 72/84 MP: 15/15
  8067 | D:9      | Noticed a two-headed ogre
  8079 | D:9      | Killed a two-headed ogre
  8331 | D:9      | Reached skill level 9 in Axes
  8380 | D:9      | Noticed a green ugly thing
  8409 | D:9      | Killed a green ugly thing
  8820 | D:9      | Found a shimmering blue altar of Sif Muna.
  9014 | D:10     | Entered Level 10 of the Dungeon
  9039 | D:10     | Reached ***** piety under Lugonu
  9124 | D:10     | Noticed an eight-headed hydra
  9130 | D:10     | Banished an eight-headed hydra
  9143 | D:10     | Noticed a cyclops
  9221 | D:10     | Killed a cyclops
  9312 | D:10     | Reached XP level 11. HP: 93/93 MP: 17/17
  9568 | D:10     | Found Guorid's Distillery.
  9569 | D:10     | Noticed a two-headed ogre
  9582 | D:10     | Killed a two-headed ogre
  9582 | D:10     | Reached skill level 10 in Axes
  9640 | D:10     | Bought a potion of curing for 45 gold pieces
  9640 | D:10     | Bought a potion of curing for 45 gold pieces
  9647 | D:10     | You fall into a shaft and drop 1 floor!
  9693 | D:11     | Found a staircase to the Lair.
 10001 | D:11     | Learned a level 1 spell: Animate Skeleton
 10107 | D:11     | Noticed a cyan ugly thing
 10138 | D:11     | Killed a cyan ugly thing
 10138 | D:11     | Reached skill level 10 in Dodging
 10397 | D:11     | Found a staircase to the Orcish Mines.
 10516 | D:11     | Noticed a cyan ugly thing
 10536 | D:11     | Killed a cyan ugly thing
 11086 | D:11     | Banished an unseen horror
 11086 | D:11     | Reached skill level 1 in Spellcasting
 11086 | D:11     | Reached skill level 1 in Necromancy
 11370 | D:11     | Banished an unseen horror
 11371 | D:11     | Banished an unseen horror
 11476 | D:11     | Killed an unseen horror
 11627 | Lair:1   | Entered Level 1 of the Lair of Beasts
 11681 | Lair:1   | Reached skill level 11 in Axes
 11716 | Lair:1   | Got a flickering steel ring
 11718 | Lair:1   | Identified the ring of Axtesowu {*Drain +Blink rPois rF+}
                  | (You found it on level 1 of the Lair of Beasts)
 11759 | Lair:1   | Reached XP level 12. HP: 103/103 MP: 17/19
 12210 | Lair:1   | Upgraded the game from 0.25-a0-62-g88673ef095 to
                  | 0.25-a0-63-gbefff83b7c
 12512 | Lair:1   | Reached skill level 1 in Shields
 12999 | Lair:2   | Noticed a catoblepas
 13024 | Lair:1   | HP: 5/103 [catoblepas (6)]
 13029 | Lair:1   | Slain by a basilisk

Levels and vault maps discovered:
D:1:      psy_arrival_radial01, layout_loops_ring
D:2:      layout_basic, gammafunk_temple_overflow_elements, lemuel_crystal_altar
D:3:      layout_basic, nicolae_tso_swordbearing_angel, lemuel_crystal_altar,
          grunt_qazlal_sundering, gammafunk_ghost_cemetery
D:4:      layout_cave_pools, uniq_menkaure
D:5:      layout_rooms, grunt_dithmenos_smoke_and_mirrors, ashenzari_altar_1,
          first_ration, minmay_pentangle
D:6:      layout_basic, elyvilon_altar_5, lemuel_round_altar, serial_shops,
          kennysheep_little_box
D:7:      layout_basic, minmay_temple_entry_large_hall, serial_shops,
          kennysheep_mini_moat, grunt_livestock, kennysheep_generic_room_5
D:8:      layout_rooms, lemuel_doored_altar, nicolae_overflow_hidden_temple
D:9:      layout_small_grid, led_sif_book, minmay_starry_boxes
D:10:     layout_rooms, serial_shops, shop_coins
D:11:     layout_loops_ring, minmay_lair_entry_grove, david_orc_2,
          hangedman_batty
Lair:1:   layout_long_grid, minmay_stone_trees_small, minmay_holes,
          lemuel_fruit_tree, infiniplex_staircase_pool_2
Lair:2:   layout_loops_ring, nicolae_spider_entry_non_spiders,
          serial_bayou_shore_b

Skill      XL: |  1  2  3  4  5  6  7  8  9 10 11 12 |
---------------+-------------------------------------+-----
Fighting       | 4 5 6 7 8 |  8.7
Dodging        | 3 4 5 6 7 9 10 | 10.5
Axes           | 3 4 5 6 8 9 11 | 11.1
Invocations    | 3 4 5 6 8 9 |  9.6
Stealth        | 1 2 3 |  3.5
Spellcasting   | 1 2 |  2.0
Necromancy     | 1 2 |  2.3
Shields        | 2 |  2.1
Evocations     | |  0.1

Action                   |  1- 3 |  4- 6 |  7- 9 | 10-12 || total
-------------------------+-------+-------+-------+-------++-------
Melee: Hand axe          |       |   232 |   382 |   581 ||  1195
       Tailslap          |       |    23 |    68 |   122 ||   213
 Cast: Animate Skeleton  |       |       |       |    29 ||    29
Invok: Depart the Abyss  |       |     1 |       |       ||     1
       Banish            |       |       |       |     9 ||     9
 Abil: Breathe Steam     |       |       |    21 |    32 ||    53
Evoke: Wand              |     2 |     1 |       |       ||     3
  Use: Potion            |     3 |     1 |       |     2 ||     6
       Scroll            |     1 |     4 |     7 |     8 ||    20
 Stab: Sleeping          |       |       |     4 |     1 ||     5
       Distracted        |       |       |       |     1 ||     1
  Eat: Chunk             |       |     9 |    11 |    11 ||    31
       Ration            |       |       |     1 |     5 ||     6
Armor: Skin              |       |    92 |   121 |   192 ||   405
Dodge: Dodged            |       |   201 |   309 |   382 ||   892
       Deflected         |       |       |       |     1 ||     1
Block: Other             |       |       |    40 |   119 ||   159
       Shield            |       |       |       |    86 ||    86
       Reflection        |       |       |       |     3 ||     3

Table legend:
 A = Non-vault XP
 B = Vault XP
 C = Vault XP percentage of total XP
 D = Non-vault monster count
 E = Vault monster count
 F = Vault count percentage of total count
                 A         B        C        D         E       F
            +---------+---------+-------+---------+---------+-------
      Total |   19163 |    5885 |  23.5 |     288 |      54 |  15.8
            +---------+---------+-------+---------+---------+-------
        D:1 |      31 |       0 |   0.0 |      19 |       0 |   0.0
        D:2 |      56 |       0 |   0.0 |      16 |       0 |   0.0
        D:3 |     253 |       0 |   0.0 |      32 |       0 |   0.0
        D:4 |     387 |     172 |  30.8 |      17 |       1 |   5.6
        D:5 |     233 |     202 |  46.4 |      18 |       7 |  28.0
        D:6 |     812 |       0 |   0.0 |      17 |       0 |   0.0
        D:7 |    1123 |    1156 |  50.7 |      22 |       7 |  24.1
        D:8 |    1129 |       0 |   0.0 |      25 |       0 |   0.0
        D:9 |    2702 |     162 |   5.7 |      22 |       6 |  21.4
       D:10 |    4806 |       0 |   0.0 |      43 |       0 |   0.0
       D:11 |    2542 |    4193 |  62.3 |      29 |      33 |  53.2
     Lair:1 |    4965 |       0 |   0.0 |      27 |       0 |   0.0
    Abyss:3 |     124 |       0 |   0.0 |       1 |       0 |   0.0
            +---------+---------+-------+---------+---------+-------
